 Dungeon Crawl Stone Soup version 0.22.1-1-ga44c0e56f4 (webtiles) character file.

829 Ivernyr the Magician (level 7, -4/55 HPs)
             Began as a Naga Wizard on Oct 31, 2018.
             Was a Follower of Cheibriados.
             Killed from afar by an orc wizard (5 damage)
             ... with a magic dart
             ... on level 5 of the Dungeon on Nov 1, 2018.
             The game lasted 00:43:48 (4680 turns).

Ivernyr the Magician (Naga Wizard)                  Turns: 4680, Time: 00:43:49

Health: -4/55      AC:  5    Str: 11    XL:     7   Next: 97%
Magic:  1/16       EV:  9    Int: 23    God:    Cheibriados [*.....]
Gold:   255        SH:  0    Dex: 11    Spells: 9/18 levels left

rFire    . . .     SeeInvis +   q - +0 trident
rCold    . . .     Gourm    .   (no shield)
rNeg     . . .     Faith    .   a - +0 robe
rPois    +         Spirit   .   b - +0 hat
rElec    .         Reflect  .   (no cloak)
rCorr    .         Harm     .   c - +1 pair of gloves
MR       .....                  (no barding)
Stlth    ++........             (no amulet)
HPRegen  0.18/turn              (no ring)
MPRegen  0.15/turn              (no ring)

@: drained, very slow
A: large, see invisible, deformed body, poison resistance, slowness 2, slow
metabolism 1, spit poison 1, AC +2
a: Spit Poison, Bend Time, Renounce Religion


You were on level 5 of the Dungeon.
You worshipped Cheibriados.
Cheibriados was aware of your devotion.
You were hungry.

You visited 2 branches of the dungeon, and saw 6 of its levels.

You collected 255 gold pieces.

Inventory:

Hand Weapons
 q - a +0 trident (weapon)
Armour
 a - a +0 robe (worn)
 b - a +0 hat (worn)
 c - a +1 pair of gloves (worn)
Wands
 f - a wand of enslavement (11)
 n - a wand of iceblast (6)
 r - a wand of paralysis (16)
Scrolls
 e - 2 scrolls of identify
 h - a scroll of enchant armour
 i - 2 scrolls of remove curse
 p - a scroll of enchant weapon
 s - a scroll of fog
Potions
 j - a potion of brilliance
 l - a potion of invisibility {unknown}
 m - a potion of haste {unknown}
 o - a potion of flight {unknown}
 t - a potion of mutation {unknown}
Comestibles
 d - 8 rations


   Skills:
 - Level 1.5(1.2) Dodging
 - Level 3.0(2.6) Stealth
 * Level 6.3(6.0) Spellcasting
 + Level 5.2(4.9) Conjurations
   Level 1.0(0.6) Summonings
 - Level 1.0(0.6) Translocations
 + Level 3.0(2.7) Invocations


You had 9 spell levels left.
You knew the following spells:

 Your Spells              Type           Power        Failure   Level  Hunger
a - Magic Dart            Conj           ####         1%          1    None
b - Blink                 Tloc           N/A          10%         2    None
c - Conjure Flame         Conj/Fire      ###.....     10%         3    #......
d - Mephitic Cloud        Conj/Pois/Air  ##......     13%         3    #......

Your spell library contained the following spells:

 Spells                   Type           Power        Failure   Level  Hunger
 Call Imp                 Summ           ##......     10%         2    None
 Slow                     Hex            #.......     13%         2    None


Dungeon Overview and Level Annotations

Branches:
Dungeon (5/15)             Temple (1/1) D:4

Altars:
Ashenzari
Cheibriados
Fedhas
Kikubaaqudgha
Makhleb
Nemelex Xobeh
Ru
Sif Muna
Vehumet
Wu Jian
Zin

Annotations:
D:5 Menkaure


Innate Abilities, Weirdness & Mutations

You cannot wear boots.
Your serpentine skin is tough. (AC +2)
You have supernaturally acute eyesight. (SInv)
Armour fits poorly on your strangely shaped body.
Your system is resistant to poisons. (rPois)
You cover ground very slowly.
You have a slow metabolism.
You can spit poison.


Message History

Aim: a kobold, wielding a blowgun (moderately wounded)
The splash of poison hits the kobold.
You kill the kobold!
Cheibriados thoroughly appreciates the change of pace.
You feel slightly more hungry. The kobold misses you.
An orc comes into view. It is wielding a club.
You feel better.
The orc shouts!
The kobold hits you but does no damage. Menkaure completely misses you.
An orc priest comes into view. It is wielding a flail.
You have got your breath back.
Menkaure casts a spell at you. Pain shoots through your body!
* * * LOW HITPOINT WARNING * * *
The kobold closely misses you.
You feel better. Menkaure hits you!
* * * LOW HITPOINT WARNING * * *
The orc wizard casts a spell at you. The magic dart hits you!
You die...

.... ..#....##########
..o.#..o........... # ..
#o...# #....# ..####.
#...o# #o...#
.......##..o.###....#
.......#.......)....#
..............MK....#
..†..........(@.....#
#.M...)()...........#
#..###.#(...........#
..#......#..........###
.........#....(.....#
.......(.#..........#######
.........#................#
.........#.....(..........#
.........#................#


You could see Menkaure, an orc priest (wandering), an orc wizard, 3 orcs and a
kobold.

Vanquished Creatures
  Prince Ribbit (D:5)
  A phantom (D:4)
  A big kobold (D:5)
  A jelly (D:5)
  A bullfrog skeleton (D:4)
  2 hounds
  2 orc wizards (D:4)
  A centaur skeleton (D:5)
  An iguana (D:4)
  2 worker ants (D:4)
  4 gnolls (D:4)
  5 adders
  2 oozes
  2 worms
  3 dart slugs
  4 leopard geckos
  4 orcs
  4 giant cockroaches
  7 goblins
  8 hobgoblins
  13 jackals
  7 kobolds
  3 quokkas
  A ball python (D:1)
  6 bats
  5 frilled lizards
  6 rats
97 creatures vanquished.

Notes
Turn   | Place    | Note
-------+----------+-------------------------------------------
     0 | D:1      | Ivernyr the Naga Wizard began the quest for the Orb.
     0 | D:1      | Reached XP level 1. HP: 15/15 MP: 4/4
   410 | D:1      | Reached XP level 2. HP: 22/22 MP: 1/6
   414 | D:1      | Learned a level 2 spell: Blink
   803 | D:1      | Found a sparkling altar of Nemelex Xobeh.
  1174 | D:2      | Reached XP level 3. HP: 28/28 MP: 2/8
  1439 | D:2      | Learned a level 3 spell: Conjure Flame
  1443 | D:2      | Learned a level 3 spell: Mephitic Cloud
  1629 | D:2      | Found a blossoming altar of Fedhas.
  1639 | D:2      | Found an ancient bone altar of Kikubaaqudgha.
  1768 | D:2      | Found a burning altar of Makhleb.
  1774 | D:2      | Found a radiant altar of Vehumet.
  1807 | D:2      | Found a sacrificial altar of Ru.
  1812 | D:2      | Reached XP level 4. HP: 36/36 MP: 3/9
  2056 | D:2      | Reached skill level 4 in Spellcasting
  2226 | D:2      | Reached XP level 5. HP: 15/42 MP: 7/11
  3472 | D:4      | Reached XP level 6. HP: 49/49 MP: 7/13
  3675 | D:4      | Found a staircase to the Ecumenical Temple.
  3690 | Temple   | Entered the Ecumenical Temple
  3697 | Temple   | Became a worshipper of Cheibriados the Contemplative
  3725 | D:4      | Noticed a phantom
  3746 | D:4      | Killed a phantom
  3746 | D:4      | Reached skill level 5 in Spellcasting
  3746 | D:4      | Reached skill level 1 in Invocations
  3824 | D:4      | Found a shattered altar of Ashenzari.
  3862 | D:4      | Reached XP level 7. HP: 55/55 MP: 3/15
  4186 | D:5      | Entered Level 5 of the Dungeon
  4349 | D:5      | Noticed Prince Ribbit
  4357 | D:5      | Noticed Menkaure
  4536 | D:5      | Reached * piety under Cheibriados
  4639 | D:5      | Killed Prince Ribbit
  4639 | D:5      | Reached skill level 6 in Spellcasting
  4639 | D:5      | Reached skill level 5 in Conjurations
  4666 | D:5      | HP: 1/55 [kobold (2)]
  4680 | D:5      | HP: 1/55 [Menkaure (16)]
  4680 | D:5      | Killed from afar by an orc wizard

Skill      XL: |  1  2  3  4  5  6  7 |
---------------+----------------------+-----
Conjurations   | 2 3 4 5 |  5.2
Spellcasting   | 4 5 6 |  6.3
Invocations    | 1 3 |  3.0
Dodging        | |  1.5
Stealth        | |  3.0
Summonings     | |  1.0
Translocations | |  1.0

Action                   |  1- 3 |  4- 6 |  7- 9 || total
-------------------------+-------+-------+-------++-------
Melee: Unarmed           |    10 |       |       ||    10
       Mace              |    33 |    31 |       ||    64
       Trident           |       |     8 |    23 ||    31
       Whip              |       |     4 |       ||     4
 Cast: Magic Dart        |    58 |   106 |    28 ||   192
       Mephitic Cloud    |       |     6 |     3 ||     9
       Blink             |       |       |     3 ||     3
       Conjure Flame     |       |       |     1 ||     1
 Abil: Spit Poison       |    12 |    21 |    10 ||    43
  Use: Scroll            |     1 |    10 |     1 ||    12
       Potion            |       |       |     4 ||     4
 Stab: Sleeping          |     4 |       |       ||     4
  Eat: Chunk             |     2 |     6 |     3 ||    11
Armor: Robe              |    21 |    25 |    16 ||    62
Dodge: Dodged            |    42 |    57 |    32 ||   131
